 Dungeon Crawl Stone Soup version 0.32-a0-871-ge202e49faa (webtiles) character file.

Game seed: 6229525644881948119

130 KennySheep the Ruffian (level 5, 0/31 HPs)
             Began as a Naga Shapeshifter on Mar 30, 2024.
             Killed by divine providence
             ... invoked by an orc priest
              (10 damage)
             ... on level 3 of the Dungeon.
             The game lasted 00:04:48 (2218 turns).

KennySheep the Ruffian (Naga Shapeshifter)          Turns: 2218, Time: 00:04:48

Health: 0/31       AC:  5    Str: 18    XL:     5   Next: 14%
Magic:  5/5        EV: 12    Int: 11    God:
Gold:   128        SH:  0    Dex: 10    Spells: 4/4 levels left

rFire   . .          .
                       - Unarmed
rCold   . . .        (shield currently unavailable)
rNeg    . . .        a - melded +0 animal skin
rPois   +            (no helmet)
rElec   .            (no cloak)
rCorr   .            (no gloves)
SInv    +            (no barding)
Will    .....        (no amulet)
Stlth   +            j - +4 ring of protection
HPRegen 0.25/turn    (no ring)
MPRegen 0.09/turn

%: no passive effects
@: flux-form, glowing, very slow
A: glow, contaminating, reduced hp, AC +1, large, see invisible, deformed body,
poison resistance, slowness 2, spit poison 1, naga tail 1
a: Spit Poison, Begin Untransformation, Convert to Beogh


You were on level 3 of the Dungeon.
You were something dangerously unstable.
You visited 1 branch of the dungeon, and saw 3 of its levels.

You collected 128 gold pieces.

Inventory:

Armour
 a - a +0 animal skin (melded)
Jewellery
 j - a +4 ring of protection (left hand)
 p - a ring of flight
Talismans
 c - a beast talisman
 d - a flux talisman (active)
Scrolls
 e - 6 scrolls of identify {unknown}
 g - a scroll of enchant weapon {unknown}
 l - 2 scrolls of fear {unknown}
 m - a scroll of amnesia {unknown}
 n - a scroll of immolation {unknown}
 o - a scroll of teleportation {unknown}
Potions
 b - a potion of lignification
 f - a potion of curing
 h - a potion of haste
 i - a potion of enlightenment {unknown}
 k - a potion of brilliance {unknown}


   Skills:
 + Level 2.0 Fighting
 - Level 1.5 Dodging
 + Level 2.5 Stealth
 * Level 4.0 Unarmed Combat
 * Level 4.0 Shapeshifting


You had 4 spell levels left.
You didn't know any spells.
Your spell library contained the following spells:

 Spells                   Type           Power      Damage    Failure   Level
 Shock                    Conj/Air       0%         1d3       34%         1
 Swiftness                Air            0%         N/A       71%         3
 Airstrike                Air            0%         2d(0-16)  98%         4


Dungeon Overview and Level Annotations

Branches:
Dungeon (3/15)

Altars:


Innate Abilities, Weirdness & Mutations

You are something dangerously unstable.
You glow with magical radiation, making you easy to see and hit.
Foes you strike become dangerously contaminated with magical radiation.
Your maximum health is decreased, since you lack skill for your form.
You are incapable of wielding weapons or throwing items.
Your serpentine skin is tough. (AC +1)
You have supernaturally acute eyesight. (SInv)
Armour fits poorly on your strangely shaped body.
Your system is resistant to poisons. (rPois)
You cover ground very slowly.
You can spit poison.
You have a snake-like lower body.


Message History

The orc priest threatens, "Beogh's wrath is as vast as their mercy.
Make your choice!" (press Y on the ability menu to convert to Beogh)
The orc closely misses you.
You barely miss the orc. The orc barely misses you.
You hit the orc.
The orc begins to glow.
The orc is moderately wounded.
The orc hits you with a +0 hand axe.
You hit the orc but do no damage.
The orc glows dangerously bright.
The orc is moderately wounded.
The orc hits you but does no damage.
You hit the orc but do no damage.
The orc shudders as magic cascades through it!
You kill the orc!
The bat barely misses you. The bat hits you.
The orc shouts!
You hit the bat.
The bat begins to glow.
The bat is moderately wounded.
The bat hits you but does no damage.
You barely miss the bat.
The bat is moderately wounded.
The bat hits you but does no damage. x2
You hit the bat but do no damage.
The bat glows dangerously bright.
The bat is moderately wounded.
The bat barely misses you. x2
You completely miss the bat.
The bat is moderately wounded.
The bat hits you but does no damage. x2
The orc priest calls down the wrath of Beogh upon you.
Beogh smites you!
* * * LOW HITPOINT WARNING * * *
You barely miss the bat. The bat closely misses you.
You barely miss the bat. The bat closely misses you.
You hit the orc priest but do no damage.
The orc priest begins to glow.
You hit the orc priest.
The orc priest glows dangerously bright.
The orc priest is lightly wounded.
The orc priest invokes the aid of Beogh against you.
Beogh smites you!
You die...

#..# #..#.##.....
#..######..#[.....#. ...
#................o.. ..#
#..######.##†####.#.# o..#
#...................#.....
###.....######†###.###..###
.))...#.# #.†...)......#
####.##.# ##.###oo......#
........# #...pobo##..#.#
######### ##.####..#..#.
#.#..........#
#............#
######............#
#..........#.###..#
#.####.........#..#
#>..†##.#.# .# #$......#.#


You could see an orc priest (heavy contam), 3 orcs and a bat (heavy contam).

Vanquished Creatures
  A bombardier beetle (D:3)
  An orc wizard (D:3)
  An adder (D:3)
  2 dart slugs
  A ribbon worm (D:3)
  10 orcs
  5 ball pythons
  5 endoplasms
  2 giant cockroaches
  3 goblins
  4 hobgoblins
  3 kobolds
  A quokka (D:3)
  5 bats
  3 frilled lizards
  3 rats
50 creatures vanquished.

Notes
Turn   | Place    | Note
-------+----------+-------------------------------------------
     0 | D:1      | KennySheep the Naga Shapeshifter began the quest for the
                  | Orb.
     0 | D:1      | Reached XP level 1. HP: 18/18 MP: 1/1
   259 | D:1      | Reached XP level 2. HP: 25/25 MP: 2/2
   481 | D:1      | Reached skill level 1 in Stealth
  1148 | D:2      | Reached XP level 3. HP: 16/31 MP: 3/3
  1823 | D:3      | Reached XP level 4. HP: 26/39 MP: 4/4
  2012 | D:3      | Reached XP level 5. HP: 10/45 MP: 2/5
  2218 | D:3      | Killed from afar by an orc priest

Illustrated notes

Levels and vault maps discovered:
D:1:      ncdulo_watergridlock, layout_loops_ring, minmay_strange_pillars
D:2:      layout_loops_corners
D:3:      layout_basic, serial_shops, shop

Skill      XL: |  1  2  3  4  5 |
---------------+----------------+-----
Stealth        | 1 2 |  2.5
Unarmed Combat | 4 |  4.0
Fighting       | 2 |  2.0
Shapeshifting  | 4 |  4.0
Dodging        | |  1.5

Action                     |  1- 3 |  4- 6 || total
---------------------------+-------+-------++-------
  Melee: Unarmed           |   112 |    61 ||   173
         Punch             |     3 |       ||     3
    Use: Potion            |     2 |       ||     2
   Stab: Sleeping          |     2 |       ||     2
 Armour: Animal skin       |    73 |       ||    73
         Skin              |     6 |    37 ||    43
  Dodge: Dodged            |    80 |    41 ||   121
   Form: Flux              |     1 |       ||     1

Table legend: (Time is in decaauts)
 A = Elapsed time spent in this place.
 B = Non-inter-level travel time spent in this place.
 C = Inter-level travel time spent in this place.
 D = Time resting spent in this place.
 E = Time spent auto-exploring this place.
 F = Levels seen in this place.
 G = Mean time per level.
                   A        B        C        D        E       F      G
               +--------+--------+--------+--------+--------+-----+--------+
         Total |   2805 |   2738 |     67 |    118 |   2203 |   3 |  935.0 |
       Dungeon |   2805 |   2738 |     67 |    118 |   2203 |   3 |  935.0 |
               +--------+--------+--------+--------+--------+-----+--------+

Top non-repeatable levels by time:
     D:2: 1299 daAuts
     D:1: 920 daAuts
     D:3: 585 daAuts
